 Dungeon Crawl Stone Soup version 0.20-a0-681-gf83e07f (webtiles) character file.

24009 nono the Nimble (level 12, -1/97 HPs)
             Began as a Troll Transmuter on Feb 18, 2017.
             Was a High Priest of Cheibriados.
             Slain by a death yak (17 damage)
             ... on level 4 of the Lair of Beasts on Feb 19, 2017.
             The game lasted 01:01:58 (11142 turns).

nono the Nimble (Troll Transmuter)                 Turns: 11142, Time: 01:01:58

Health: -1/97      AC:  2    Str: 37    XL:     12   Next: 76%
Magic:  9/15       EV: 34    Int: 24    God:    Cheibriados [*****.]
Gold:   583        SH:  0    Dex: 26    Spells: 0/13 levels left

rFire    . . .     SeeInvis .     - Unarmed
rCold    . . .     Gourm    +   (armour currently unavailable)
rNeg     . . .     Faith    .   (shield currently unavailable)
rPois    .         Spirit   .   (helmet currently unavailable)
rElec    .         Reflect  .   (cloak currently unavailable)
rCorr    +         Harm     .   (gloves unavailable)
MR       .....                  (boots unavailable)
Stlth    +++.......             (no amulet)
Regen    0.7/turn               v - ring of poison resistance
MPRegen  0.2/turn               K - ring of resist corrosion

@: mighty, spider-form, very slow
A: unfitting armour, (claws 0), fast metabolism 3, gourmand, regeneration 1,
(shaggy fur 0), (tough skin 0)
a: End Transformation, Bend Time, Temporal Distortion, Slouch, Step From Time,
Renounce Religion


You were on level 4 of the Lair of Beasts.
You worshipped Cheibriados.
Cheibriados was extremely pleased with you.
You were not hungry.
You were a venomous arachnid creature.
You visited 3 branches of the dungeon, and saw 15 of its levels.
You also visited: Sewer.

You collected 683 gold pieces.
You spent 100 gold pieces at shops.

Inventory:

Hand Weapons
 H - the +5 war axe of Jymupp {chop, rF++ rC+}
   (You found it on level 8 of the Dungeon)

   It inflicts extra damage upon your enemies.
   It greatly protects you from fire.
   It protects you from cold.
Armour
 b - a +2 robe of resistance (melded)
 j - a scarf of cold resistance (melded)
 Q - a +2 hat of see invisible (melded)
Jewellery
 a - an uncursed ring of ice
 h - an uncursed ring of flight
 i - an uncursed ring of fire
 v - a ring of poison resistance (right front leg)
 K - a ring of resist corrosion (left front leg)
Wands
 e - a wand of lightning (4/15)
 t - a wand of flame (23/48)
 A - a wand of polymorph (18/24)
 B - a wand of confusion (13/48)
 M - a wand of digging (15/24)
 N - a wand of clouds (4/9)
 O - a wand of confusion (13/48)
 V - a wand of acid (8/15)
 W - a wand of lightning (8/15)
Scrolls
 f - a scroll of silence {unknown}
 k - a scroll of fog
 l - 4 scrolls of amnesia
 m - 3 scrolls of remove curse
 n - 2 scrolls of teleportation
 p - 2 scrolls of immolation
 r - 3 scrolls of enchant weapon {unknown}
 x - 2 scrolls of blinking {unknown}
 y - 2 scrolls of enchant armour {unknown}
 D - a scroll of magic mapping
 L - a scroll of torment {unknown}
 T - a scroll of noise {unknown}
 U - a scroll of recharging {unknown}
 Z - 4 scrolls of random uselessness {unknown}
Potions
 o - a potion of cancellation
 q - 2 potions of magic
 s - a potion of flight
 u - 3 potions of resistance
 z - 3 potions of lignification
 E - 5 potions of mutation
 G - 3 potions of heal wounds
 I - 6 potions of curing
 J - 4 potions of agility
 P - a potion of brilliance {unknown}
 R - 5 potions of ambrosia
Books
 c - a book of Changes

   Spells                             Type                      Level
   a - Beastly Appendage              Transmutation                1
   b - Sticks to Snakes               Transmutation                2
   c - Spider Form                    Transmutation/Poison         3
   d - Ice Form                       Ice/Transmutation            4
   e - Blade Hands                    Transmutation                5
 F - a book of Frost

   Spells                             Type                      Level
   a - Freeze                         Ice                          1
   b - Throw Frost                    Conjuration/Ice              2
   c - Ozocubu's Armour               Charms/Ice                   3
   d - Throw Icicle                   Conjuration/Ice              4
   e - Summon Ice Beast               Ice/Summoning                4
 S - a book of Clouds

   Spells                             Type                      Level
   a - Poisonous Vapours              Poison/Air                   2
   b - Mephitic Cloud                 Conjuration/Poison/Air       3
   c - Conjure Flame                  Conjuration/Fire             3
   d - Freezing Cloud                 Conjuration/Ice/Air          6
   e - Ring of Flames                 Charms/Fire                  7
 Y - a Young Poisoner's Handbook

   Spells                             Type                      Level
   a - Sting                          Conjuration/Poison           1
   b - Poisonous Vapours              Poison/Air                   2
   c - Mephitic Cloud                 Conjuration/Poison/Air       3
   d - Olgreb's Toxic Radiance        Poison                       4
   e - Venom Bolt                     Conjuration/Poison           5
Comestibles
 d - 10 bread rations
 g - 10 royal jellies
 w - 6 meat rations
 C - 6 fruits


   Skills:
 - Level 0.7 Fighting
 - Level 11.0 Dodging
 + Level 2.8 Stealth
 - Level 10.8 Unarmed Combat
 - Level 1.2 Spellcasting
 - Level 8.2 Transmutations
 - Level 3.5 Ice Magic
 - Level 6.1 Invocations


You couldn't memorise any spells.
You knew the following spells:

 Your Spells              Type           Power        Failure   Level  Hunger
a - Beastly Appendage     Tmut           #####.       3%          1    #......
b - Spider Form           Tmut/Pois      ###.......   24%         3    ###....
c - Blade Hands           Tmut           #####.....   32%         5    ######.
d - Ice Form              Ice/Tmut       ####....     32%         4    #####..


Dungeon Overview and Level Annotations

Branches:
Dungeon (10/15)            Temple (1/1) D:4            Lair (4/6) D:10
  Swamp (0/4) Lair:2        Snake (0/4) Lair:3
    Orc: D:9-12

Altars:
Ashenzari
Cheibriados
Fedhas
Gozag
Kikubaaqudgha
Makhleb
Nemelex Xobeh
Okawaru
Qazlal
Sif Muna
Trog
Uskayaw
Vehumet
Yredelemnul
Zin
The Shining One

Shops:
D:4 [   D:5 !   D:8 =

Annotations:
D:10 exclusion: orange crystal statue
Lair:3 Sonja


Innate Abilities, Weirdness & Mutations

You are too large for most types of armour.
((You have claws for hands.))
Your metabolism is lightning-fast.
You like to eat raw meat.
Your natural rate of healing is unusually fast.
((You are covered in fur. (AC +1)))
((You have very tough skin. (AC +2)))


Message History

The death yak is severely wounded.
The death yak gores you!!
Unknown command.
You bite the death yak!
The death yak is almost dead.
The death yak completely misses you.
You hit the death yak.
The death yak is almost dead.
You kill the death yak!
Cheibriados appreciates the change of pace.
The death yak completely misses you.
You hit the death yak.
The death yak is poisoned.
The death yak is lightly wounded.
The death yak gores you!!
* * * LOW HITPOINT WARNING * * *
Unknown command.
You feel very mighty all of a sudden.
The death yak is no longer moving slowly.
The death yak gores you!
You die...

........# . .....#...#...#
........###. ................
......(P.#..## #...............
........P##...####..............#
#P......##.$..##....####..##P...
#..............##...####..##P..P
####......#....YY#...##.#..###..#
.#.......##...#YY#...###...# #...
.<.....P.#....#Ps#...†..>..# #...
..#......#.#..#......#.#...###...
.##......#.#....#.)........##....
#.#......####..###....#....###...
.##.....P#.####P....##.#..###...
.P#..................##...P##..#
.....................###..##...#
....................)...........#
................................#


You could see 2 death yaks and 2 yaks.

Vanquished Creatures
  Gastronok (Lair:2)
  2 hydras (Lair:1)
  Erolcha (D:10)
  Fannar (Lair:1)
  Harold (Lair:3)
  3 two-headed ogres
  3 death yaks (Lair:4)
  Nergalle (Lair:1)
  The ghost of Voxish the Thaumaturge, a novice DEFE of Vehumet (D:6)
  2 black mambas
  Joseph (D:9)
  3 spiny frogs
  A rime drake (Lair:3)
  5 komodo dragons
  A troll (D:10)
  Grinder (D:4)
  A hippogriff (D:10)
  5 blink frogs (Lair:2)
  Sigmund (D:4)
  A wraith (D:10)
  A wyvern (D:8)
  4 hogs (D:7)
  A human (D:7)
  2 basilisks (Lair:1)
  6 yaks
  4 nagas (Lair:3)
  An acid dragon (D:8)
  4 water moccasins
  Duvessa (D:6)
  4 porcupines
  An ice beast (D:6)
  A black bear (D:9)
  5 orc warriors
  2 phantoms
  A necrophage (D:10)
  8 ogres
  3 centaurs
  3 wolves (Lair:2)
  7 crocodiles
  9 bullfrogs
  Dowan (D:6)
  3 scorpions
  A water moccasin skeleton (D:6)
  9 killer bees (D:9)
  9 wights
  4 crimson imps
  2 howler monkeys
  A bullfrog zombie (D:8)
  A quasit (D:9)
  A jelly (D:9)
  7 orc priests
  2 bullfrog skeletons
  3 hounds
  2 centaur skeletons
  4 iguanas
  7 orc wizards
  6 worker ants
  A howler monkey zombie (D:8)
  A howler monkey skeleton (D:9)
  7 gnolls
  8 adders
  A river rat (D:3)
  2 shadow imps
  An ooze (D:2)
  2 adder zombies
  3 worms
  2 adder skeletons
  3 dart slugs
  10 leopard geckos
  30 orcs
  13 giant cockroaches
  5 goblins (D:1)
  9 hobgoblins
  15 jackals
  3 quokkas
  A ball python (Sewer)
  11 bats
  7 frilled lizards
  A jackal zombie (D:9)
  8 kobolds
  2 leopard gecko zombies
  8 rats
321 creatures vanquished.

Vanquished Creatures (others)
  2 fungi
  A plant (Lair:3)
3 creatures vanquished.

Grand Total: 324 creatures vanquished

Notes
Turn   | Place    | Note
-------+----------+-------------------------------------------
     0 | D:1      | nono the Troll Transmuter began the quest for the Orb.
     0 | D:1      | Reached XP level 1. HP: 18/18 MP: 1/1
   169 | D:1      | Reached XP level 2. HP: 14/26 MP: 2/2
   180 | D:1      | Reached skill level 2 in Dodging
   554 | D:1      | Reached XP level 3. HP: 31/32 MP: 3/3
   920 | D:2      | Reached XP level 4. HP: 40/40 MP: 4/4
  1043 | D:2      | Found a blossoming altar of Fedhas.
  1271 | D:3      | Reached skill level 3 in Dodging
  1391 | D:3      | Found a glowing drain.
  1402 | Sewer    | Entered a sewer
  1429 | Sewer    | Reached XP level 5. HP: 35/46 MP: 5/5
  1782 | D:3      | Found a glowing silver altar of Zin.
  1813 | D:3      | Found a burning altar of Makhleb.
  2303 | D:4      | Noticed an ogre
  2311 | D:4      | Killed an ogre
  2311 | D:4      | Reached skill level 4 in Dodging
  2311 | D:4      | Reached skill level 5 in Unarmed Combat
  2311 | D:4      | Reached XP level 6. HP: 49/54 MP: 6/6
  2312 | D:4      | Found a staircase to the Ecumenical Temple.
  2320 | D:4      | Noticed Sigmund
  2332 | D:4      | Killed Sigmund
  2369 | Temple   | Entered the Ecumenical Temple
  2374 | Temple   | Became a worshipper of Cheibriados the Contemplative
  2551 | D:4      | Reached XP level 7. HP: 42/61 MP: 7/7
  2560 | D:4      | Found Segyinuc's Antique Armour Boutique.
  2610 | D:4      | Noticed Grinder
  2617 | D:4      | Killed Grinder
  2617 | D:4      | Reached skill level 5 in Dodging
  3179 | D:5      | Entered Level 5 of the Dungeon
  3194 | D:5      | Found a radiant altar of Vehumet.
  3257 | D:5      | Reached XP level 8. HP: 59/68 MP: 8/8
  3293 | D:5      | Reached * piety under Cheibriados
  3411 | D:5      | Found an ancient bone altar of Kikubaaqudgha.
  3507 | D:5      | Found Duryot's Distillery.
  3510 | D:5      | Bought a potion of curing for 30 gold pieces
  3510 | D:5      | Bought a potion of curing for 30 gold pieces
  3510 | D:5      | Bought a potion of agility for 40 gold pieces
  3525 | D:5      | Reached skill level 6 in Dodging
  3914 | D:6      | Found a glowing golden altar of the Shining One.
  3944 | D:6      | Reached ** piety under Cheibriados
  4050 | D:6      | Reached skill level 7 in Dodging
  4054 | D:6      | Noticed Voxish's ghost (novice DEFE)
  4095 | D:6      | Noticed Dowan
  4100 | D:6      | Noticed Duvessa
  4112 | D:6      | Killed Duvessa
  4116 | D:6      | Killed Dowan
  4251 | D:7      | Reached XP level 9. HP: 73/75 MP: 9/9
  4469 | D:7      | Reached *** piety under Cheibriados
  4469 | D:7      | Reached skill level 8 in Dodging
  5017 | D:8      | Got an iridescent war axe
  5018 | D:8      | Identified the +5 war axe of Jymupp {chop, rF++ rC+} (You found it on level 8 of the Dungeon)
  5029 | D:8      | Found Dioweime's Jewellery Shop.
  5089 | D:6      | Reached skill level 9 in Dodging
  5146 | D:6      | Killed Voxish's ghost
  5146 | D:6      | Reached **** piety under Cheibriados
  5163 | D:6      | Reached XP level 10. HP: 55/83 MP: 10/10
  5652 | D:8      | Reached skill level 10 in Unarmed Combat
  5653 | D:8      | Found a sparkling altar of Nemelex Xobeh.
  6083 | D:8      | Found a hide-covered altar of Uskayaw.
  6184 | D:8      | Noticed a two-headed ogre
  6403 | D:9      | Reached skill level 10 in Dodging
  6553 | D:9      | Noticed a two-headed ogre
  6562 | D:9      | Killed a two-headed ogre
  6760 | D:9      | Noticed Joseph
  6777 | D:9      | Killed Joseph
  6851 | D:9      | Reached ***** piety under Cheibriados
  7033 | D:9      | Found a snail-covered altar of Cheibriados.
  7151 | D:9      | Reached skill level 11 in Dodging
  7168 | D:10     | Entered Level 10 of the Dungeon
  7173 | D:10     | Noticed Erolcha
  7179 | D:10     | Killed Erolcha
  7179 | D:10     | Reached XP level 11. HP: 62/89 MP: 10/12
  7550 | D:10     | Noticed an orange crystal statue
  7584 | D:10     | Noticed a two-headed ogre
  7600 | D:10     | Killed a two-headed ogre
  7604 | D:10     | Reached skill level 5 in Invocations
  7617 | D:10     | Found a staircase to the Lair.
  8162 | D:10     | Noticed a two-headed ogre
  8173 | D:10     | Killed a two-headed ogre
  8342 | D:10     | Learned a level 3 spell: Spider Form
  8343 | Lair:1   | Entered Level 1 of the Lair of Beasts
  8364 | Lair:1   | Got a faintly glowing dagger
  8365 | Lair:1   | Identified the cursed +1 dagger of the Bear {pain, rN+} (You found it on level 1 of the Lair of Beasts)
  8637 | Lair:1   | Noticed Nergalle
  8664 | Lair:1   | Killed Nergalle
  8683 | Lair:1   | Noticed a seven-headed hydra
  8750 | Lair:1   | Noticed a six-headed hydra
  8782 | Lair:1   | Killed a six-headed hydra
  8799 | Lair:1   | Killed a seven-headed hydra
  8799 | Lair:1   | Reached skill level 5 in Transmutations
  8810 | Lair:1   | Learned a level 5 spell: Blade Hands
  9197 | Lair:1   | Noticed Fannar
  9212 | Lair:1   | Killed Fannar
  9545 | Lair:2   | Reached XP level 12. HP: 97/97 MP: 10/15
  9719 | Lair:2   | Noticed Gastronok
  9731 | Lair:2   | Killed Gastronok
  9819 | Lair:2   | Learned a level 4 spell: Ice Form
  9966 | Lair:2   | Found a staircase to the Swamp.
 10310 | Lair:2   | Reached skill level 1 in Ice Magic
 10582 | Lair:3   | Found a staircase to the Snake Pit.
 10610 | Lair:3   | Noticed Sonja
 10813 | Lair:3   | Noticed a naga warrior
 10816 | Lair:3   | Noticed Harold
 10822 | Lair:3   | Killed Harold
 10990 | Lair:4   | Noticed a death yak
 11095 | Lair:4   | Killed a death yak
 11095 | Lair:4   | Reached skill level 1 in Stealth
 11109 | Lair:4   | Noticed a death yak
 11118 | Lair:4   | Killed a death yak
 11123 | Lair:4   | Noticed a death yak
 11125 | Lair:4   | Noticed a death yak
 11128 | Lair:4   | Noticed a death yak
 11140 | Lair:4   | Killed a death yak
 11142 | Lair:4   | Slain by a death yak

Vault maps used:
D:1:      dpeg_arrival_tiny_c
D:2:      fedhas_altar_3, first_bread, minmay_surrounded
D:3:      lemuel_round_altar, zin_statuary, portal_sewer_entry_a
D:4:      temple_fountains, serial_shops, shop, grunt_ministairs_14,
          hangedman_decor_growths, eino_tiny_chamber, hex_medium, uniq_grinder,
          uniq_sigmund
D:5:      kennysheep_little_box, old_standard_altar, serial_shops,
          kennysheep_mini, serial_park_tiny_2, minivault_11,
          minmay_misc_feat_rows
D:6:      old_standard_altar, uniq_duvessa
D:7:      grunt_livestock, kennysheep_generic_room_15
D:8:      nemelex_xobeh_ov_fountains_minmay, lemuel_coloured_pillars_altar,
          serial_shops, shop
D:9:      wad_river_or_something, basic_altar, uniq_joseph
D:10:     grunt_lair_entry_orc_guard_hut, minmay_statue_bubble, uniq_erolcha
Temple:   cyrus_circular_temple
Lair:1:   infiniplex_staircase_pool_2, uniq_nergalle, uniq_fannar
Lair:2:   swamp_mist_pool, uniq_gastronok
Lair:3:   minmay_snake_entry_guardpost_large, infiniplex_staircase_pool,
          uniq_sonja, uniq_harold
Lair:4:   beast_lair_carwin_large_1
Sewer:    sewer_frog_island_01

Skill      XL: |  1  2  3  4  5  6  7  8  9 10 11 12 |
---------------+-------------------------------------+-----
Dodging        | 2 3 4 5 7 9 11 | 11.0
Unarmed Combat | 4 5 6 7 8 9 10 | 10.8
Invocations    | 2 6 |  6.1
Transmutations | 6 8 |  8.2
Ice Magic      | 3 |  3.5
Stealth        | 2 |  2.8
Fighting       | |  0.7
Spellcasting   | |  1.2

Action                   |  1- 3 |  4- 6 |  7- 9 | 10-12 || total
-------------------------+-------+-------+-------+-------++-------
Melee: Unarmed           |   112 |   161 |   267 |   486 ||  1026
       Punch             |       |     2 |    15 |    34 ||    51
       War axe           |       |       |     8 |       ||     8
 Cast: Spider Form       |       |       |       |     4 ||     4
       Blade Hands       |       |       |       |     6 ||     6
       Ice Form          |       |       |       |     2 ||     2
Invok: Bend Time         |       |       |       |    11 ||    11
       Temporal Distorti |       |       |       |     2 ||     2
       Slouch            |       |       |       |     2 ||     2
 Abil: Evoke Flight      |       |     4 |       |       ||     4
Evoke: Wand              |       |       |     9 |     8 ||    17
  Use: Scroll            |       |     4 |     3 |    17 ||    24
       Potion            |       |       |       |     7 ||     7
 Stab: Sleeping          |       |       |     2 |    12 ||    14
       Confused          |       |       |     1 |       ||     1
       Distracted        |       |       |       |     2 ||     2
  Eat: Chunk             |    14 |    16 |    19 |    40 ||    89
Armor: Robe              |    52 |    41 |    66 |    59 ||   218
       Skin              |       |       |       |    37 ||    37
Dodge: Dodged            |    60 |    92 |   169 |   383 ||   704
